 Dungeon Sprint DCSS version 0.29-a0-542-g075992c915 (webtiles) character file.

Game seed: 2517288646339597263

11972 mhtbhm the Sensei (level 12, -17/101 HPs)
             Began as a Meteoran Transmuter on June 4, 2022.
             Was an Initiate of Gozag.
             Engulfed by a cloud of freezing vapour (25 damage)
             ... in the Dungeon (Sprint I: "Red Sonja").
             The game lasted 00:09:17 (3970 turns).

mhtbhm the Sensei (Meteoran Transmuter)             Turns: 3970, Time: 00:09:17

Health: -17/101    AC:  7    Str: 13    XL:     12   Next: 42%
Magic:  31/31      EV: 20    Int: 15    God:    Gozag
Gold:   4370       SH:  5    Dex: 19    Spells: 21/40 levels left

rFire   + . .      SeeInvis .     - Unarmed
rCold   x . .      Faith    .   (no shield)
rNeg    + + .      Spirit   .   a - +4 Cigotuvi's embrace {rMiasma Drain rN+}
rPois   .          Reflect  +   (no helmet)
rElec   +          Harm     .   (no cloak)
rCorr   .          Rampage  .   (no gloves)
Will    ++...      NoTele   +   (no boots)
Stlth   +.........              l - amulet "Tarph" {Reflect rElec rN+ SH+5}
HPRegen 0.26/turn               d - ring of willpower
MPRegen 0.22/turn               o - ring of fire

@: glowing
A: sense surroundings 2, otherworldly, glowing, explore regen
a: Renounce Religion, Potion Petition, Call Merchant, Bribe Branch


You were in the Dungeon.
You worshipped Gozag.
Gozag was most pleased with you.
You visited 1 branch You collected 7243 gold pieces.
You spent 1392 gold pieces at shops.
You paid 1481 gold pieces to Gozag.

Inventory:

Missiles
 m - 4 curare-tipped darts
Armour
 a - the +4 Cigotuvi's embrace (worn) {rMiasma Drain rN+}
   (You found it in the Dungeon)

   It gathers nearby corpses to temporarily increase the armour it provides.
   It protects you from foul pestilence.
   rN:        It protects you from negative energy.
   Drain:     It drains your maximum health when unequipped.
Jewellery
 d - a ring of willpower (left hand)
 i - a ring of resist corrosion
 l - the amulet "Tarph" (around neck) {Reflect rElec rN+ SH+5}
   (You bought it in a shop in the Dungeon)

   [amulet of reflection]

   It reflects blocked missile attacks.
   rElec:     It insulates you from electricity.
   rN:        It protects you from negative energy.
   SH:        It affects your SH (+5).
 o - a ring of fire (right hand)
Wands
 g - a wand of iceblast (4)
Scrolls
 e - a scroll of fog {unknown}
 h - 3 scrolls of blinking
 k - a scroll of enchant armour {unknown}
 n - 2 scrolls of amnesia {unknown}
Potions
 b - a potion of lignification
 c - 6 potions of curing
 f - 2 potions of magic
 j - a potion of attraction {unknown}
 p - a potion of degeneration {unknown}


   Skills:
 + Level 7.6 Fighting
 + Level 5.3 Armour
 + Level 13.2 Dodging
 + Level 2.4 Stealth
 + Level 1.7 Shields
 + Level 21.3 Unarmed Combat
 + Level 14.7 Spellcasting
 + Level 14.1 Transmutations
 + Level 6.5 Ice Magic
 + Level 3.0 Poison Magic
 + Level 3.1 Evocations


You had 21 spell levels left.
You knew the following spells:

 Your Spells              Type           Power      Damage    Failure   Level
a - Beastly Appendage     Tmut           100%       N/A       1%          1
b - Wereblood             Tmut           52%        N/A       1%          2
c - Spider Form           Tmut/Pois      36%        N/A       1%          3
d - Ice Form              Ice/Tmut       42%        N/A       1%          4
e - Dragon's Call         Summ           5%         N/A       100%        9

Your spell library contained the following spells:

 Spells                   Type           Power      Damage    Failure   Level
 Shock                    Conj/Air       44%        1d5       8%          1
 Dragon Form              Tmut           26%        N/A       19%         7
 Olgreb's Toxic Radiance  Pois           20%        N/A       21%         4
 Swiftness                Air            11%        N/A       22%         3
 Airstrike                Air            5%         N/A       58%         4
 Cause Fear               Hex            5%         N/A       58%         4
 Ozocubu's Refrigeration  Ice            15%        4d8       99%         7
 Ignition                 Fire           8%         3d5       100%        8


Dungeon Overview and Level Annotations

Branches:
Dungeon (1/1)

Altars:
Cheibriados
Dithmenos
Elyvilon
Fedhas
Gozag
Hepliaklqana
Kikubaaqudgha
Makhleb
Nemelex Xobeh
Okawaru
Qazlal
Ru
Sif Muna
Trog
Uskayaw
Vehumet
Wu Jian
Xom
Yredelemnul
Zin
The Shining One
Jiyva
Lugonu

Shops:
D :*==*:*(*:!(?:?[?=


Innate Abilities, Weirdness & Mutations

You passively map the area around you.
You are easily found by Zot.
You glow in the dark.
You regain HP and MP as you explore.


Message History

You now have 3965 gold pieces (gained 27).
You are engulfed in freezing vapours.
You resist.
You now have 3992 gold pieces (gained 27).
You now have 4019 gold pieces (gained 27).
You now have 4046 gold pieces (gained 27).
You now have 4073 gold pieces (gained 27).
You now have 4100 gold pieces (gained 27).
You now have 4127 gold pieces (gained 27).
Really walk into that cloud of freezing vapour? [Y]es or [N]o only, please.
Really walk into that cloud of freezing vapour? [Y]es or [N]o only, please.
Really walk into that cloud of freezing vapour?
Okay, then.
You now have 4154 gold pieces (gained 27).
You are engulfed in freezing vapours.
You resist.
You see here 27 gold pieces.
You now have 4181 gold pieces (gained 27).
You now have 4208 gold pieces (gained 27).
You now have 4235 gold pieces (gained 27).
Your transformation is almost over.
You now have 4262 gold pieces (gained 27).
You are engulfed in freezing vapours.
You resist.
You are engulfed in freezing vapours.
You resist.
You see here 27 gold pieces.
You are engulfed in freezing vapours.
You resist.
You see here 27 gold pieces.
You now have 4289 gold pieces (gained 27).
You now have 4316 gold pieces (gained 27).
You warm up again.
The +4 Cigotuvi's embrace {rMiasma Drain rN+} unmelds from your body.
You now have 4343 gold pieces (gained 27).
You now have 4370 gold pieces (gained 27).
You are engulfed in freezing vapours.
* * * LOW HITPOINT WARNING * * *
You are engulfed in freezing vapours.
* * * LOW HITPOINT WARNING * * *
You are engulfed in freezing vapours.
You die...
Your body crumbles into a pile of gold.

§≈§§§#..##'####...#y#.##...#
,##.
§≈≈))'..#.....#...###..###.#
≈##
§≈≈..#..#.○.°.'.....##.#A#.#
#'#####'###○°○#.....#..###.#
*
....###.'.#°..###++##.##...#,
*
#'###.###.#°○###..###..#+###
≈ ....'.∩##.#..####..###...#
, #########.##'#..#..#.###.#,
, ,,
.......##.##.#..@☼.....#.#
........§§####.°°......#.#
''.######§#).'.°....####+# *
$ ........#§#####...###
.[.....#§§# $ ##### *
.....§§####$, , ** ≈ ....§§≈#
,, * , ...≈≈≈##* , *^ $$ ≈
≈≈≈≈### * , , ^^ , $$$ ≈


There were no monsters in sight!

Vanquished Creatures
  A lorocyproca (D)
  A hydra (D)
  2 centaur warriors (D)
  Sonja (D)
  A deep troll (D)
  A lindwurm (D)
  An oklob plant (D)
  A gargoyle (D)
  2 kobold demonologists (D)
  7 unseen horrors (D)
  4 demonic crawlers (D)
  A slime creature (D)
  A hornet (D)
  Sigmund (D)
  A yak (D)
  13 hogs (D)
  2 redbacks (D)
  3 floating eyes (D)
  An ogre (D)
  7 necrophages (D)
  8 jellies (D)
  Ijyb (D)
61 creatures vanquished.

Vanquished Creatures (others)
  A gargoyle (D)
  2 ballistomycete spores (D)
3 creatures vanquished.

Grand Total: 64 creatures vanquished

Notes
Turn   | Place    | Note
-------+----------+-------------------------------------------
     0 | D        | mhtbhm the Meteoran Transmuter began the quest for the Orb.
     0 | D        | Reached XP level 1. HP: 16/16 MP: 5/5
     3 | D        | Noticed Ijyb
     9 | D        | Killed Ijyb
    10 | D        | Reached skill level 6 in Unarmed Combat
    10 | D        | Reached XP level 2. HP: 23/23 MP: 5/8
    10 | D        | Reached XP level 3. HP: 28/28 MP: 5/9
    54 | D        | Learned a level 2 spell: Wereblood
    58 | D        | Learned a level 3 spell: Spider Form
    88 | D        | Noticed an ogre
    92 | D        | Killed an ogre
    93 | D        | Reached skill level 8 in Unarmed Combat
    93 | D        | Reached skill level 5 in Spellcasting
    93 | D        | Reached XP level 4. HP: 35/35 MP: 5/12
    93 | D        | Reached XP level 5. HP: 40/40 MP: 5/14
    99 | D        | Noticed Sigmund
   107 | D        | Killed Sigmund
   108 | D        | Reached skill level 10 in Unarmed Combat
   108 | D        | Reached skill level 1 in Poison Magic
   108 | D        | Reached XP level 6. HP: 32/47 MP: 6/17
   171 | D        | Found an ornate altar of the Wu Jian Council.
   171 | D        | Found a shimmering blue altar of Sif Muna.
   177 | D        | Learned a level 4 spell: Ice Form
   179 | D        | Found a radiant altar of Vehumet.
   184 | D        | Reached skill level 1 in Evocations
   185 | D        | Noticed a centaur warrior
   189 | D        | Found Boazuong's General Store.
   189 | D        | Found an ancient bone altar of Kikubaaqudgha.
   189 | D        | Found a hazy altar of Hepliaklqana.
   189 | D        | Found a stormy altar of Qazlal.
   189 | D        | Found a hide-covered altar of Uskayaw.
   189 | D        | Found a blossoming altar of Fedhas.
   189 | D        | Found a bloodstained altar of Trog.
   189 | D        | Found an iron altar of Okawaru.
   189 | D        | Found a basalt altar of Yredelemnul.
   189 | D        | Found a glowing golden altar of the Shining One.
   189 | D        | Found a snail-covered altar of Cheibriados.
   189 | D        | Found a sacrificial altar of Ru.
   189 | D        | Found a glowing silver altar of Zin.
   189 | D        | Found a shadowy altar of Dithmenos.
   189 | D        | Found a white marble altar of Elyvilon.
   189 | D        | Noticed a yak
   196 | D        | Killed a yak
   197 | D        | Reached skill level 11 in Unarmed Combat
   197 | D        | Reached XP level 7. HP: 35/52 MP: 17/20
   197 | D        | Found an opulent altar of Gozag.
   198 | D        | Found a sparkling altar of Nemelex Xobeh.
   203 | D        | Became a worshipper of Gozag Ym Sagoz the Greedy
   346 | D        | Noticed a centaur warrior
   360 | D        | Killed a centaur warrior
   361 | D        | Reached skill level 13 in Unarmed Combat
   361 | D        | Reached skill level 10 in Spellcasting
   361 | D        | Reached XP level 8. HP: 32/63 MP: 18/23
   364 | D        | Killed a centaur warrior
   365 | D        | Reached skill level 14 in Unarmed Combat
   365 | D        | Reached skill level 10 in Transmutations
   365 | D        | Gained mutation: You passively map the area around you.
                  | [Meteoran growth]
   365 | D        | Reached XP level 9. HP: 15/71 MP: 19/25
   648 | D        | Found a burning altar of Makhleb.
   648 | D        | Found a viscous altar of Jiyva.
   648 | D        | Found a shimmering altar of Xom.
   648 | D        | Found a corrupted altar of Lugonu.
   648 | D        | Noticed a slime creature
   653 | D        | Killed a slime creature
   654 | D        | Reached skill level 15 in Unarmed Combat
   669 | D        | Noticed a kobold demonologist
   669 | D        | Noticed a kobold demonologist
   671 | D        | Noticed a hellwing
   671 | D        | Paralysed by a floating eye for 2 turns
   676 | D        | Killed a kobold demonologist
   677 | D        | Reached skill level 1 in Ice Magic
   684 | D        | Killed a kobold demonologist
   685 | D        | Reached skill level 10 in Dodging
   685 | D        | Reached XP level 10. HP: 80/80 MP: 25/27
   718 | D        | Killed a gargoyle
   720 | D        | Reached skill level 5 in Fighting
   720 | D        | Reached skill level 16 in Unarmed Combat
   846 | D        | Noticed an oklob plant
   850 | D        | Killed an oklob plant
   877 | D        | Killed an unseen horror
   888 | D        | Killed an unseen horror
   889 | D        | Reached skill level 17 in Unarmed Combat
  1125 | D        | Found the +4 Cigotuvi's embrace {rMiasma Drain rN+}
  1128 | D        | Reached skill level 1 in Stealth
  1151 | D        | Reached XP level 11. HP: 89/89 MP: 29/29
  1227 | D        | Found Focud's Jewellery Shoppe.
  1227 | D        | Found Qunwivas's Jewellery Shop.
  1227 | D        | Found Usihyhey's General Store.
  1229 | D        | Found Dugan's Book Emporium.
  1229 | D        | Found Qaawkask's General Store.
  1229 | D        | Found Iprever's Weapon Shoppe.
  1229 | D        | Found Mauxuleu's General Store.
  1229 | D        | Found Deag's Book Emporium.
  1229 | D        | Found Upsoscha's Distillery.
  1229 | D        | Found Yczoygos's Antique Weapon Shoppe.
  1233 | D        | Found Onor's Magic Scroll Boutique.
  1234 | D        | Found Paoses Liuph's Magic Scroll Emporium.
  1234 | D        | Found Corooce's Book Boutique.
  1235 | D        | Found Wynufomuk's Magic Scroll Emporium.
  1248 | D        | Bought a scroll of blinking for 105 gold pieces
  1250 | D        | Bought a scroll of blinking for 82 gold pieces
  1260 | D        | Bought an amulet of reflection for 300 gold pieces
  1272 | D        | Bought the amulet "Tarph" {Reflect rElec rN+ SH+5} for 530
                  | gold pieces
  1281 | D        | Bought a potion of heal wounds for 50 gold pieces
  1621 | D        | Noticed a deep troll
  1631 | D        | Killed a deep troll
  1632 | D        | Reached skill level 1 in Armour
  1632 | D        | Reached skill level 18 in Unarmed Combat
  1639 | D        | Found Etucuas's Armour Emporium.
  1890 | D        | Noticed Sonja
  1892 | D        | Killed Sonja
  1910 | D        | Found Xiywn's Book Boutique.
  2042 | D        | Reached skill level 19 in Unarmed Combat
  2265 | D        | Noticed a lindwurm
  2268 | D        | Killed a lindwurm
  2269 | D        | Reached skill level 5 in Ice Magic
  2298 | D        | Reached skill level 5 in Armour
  2314 | D        | Reached skill level 20 in Unarmed Combat
  2314 | D        | Reached XP level 12. HP: 100/100 MP: 31/31
  2370 | D        | Noticed a 12-headed hydra
  2374 | D        | Killed a 12-headed hydra
  2465 | D        | Bought a ring of fire for 325 gold pieces
  2556 | D        | Noticed a daeva
  2584 | D        | Reached skill level 1 in Shields
  2788 | D        | Reached skill level 21 in Unarmed Combat
  3557 | D        | Killed a lorocyproca
  3853 | D        | Learned a level 9 spell: Dragon's Call
  3970 | D        | Engulfed by a cloud of freezing vapour

Illustrated notes

Levels and vault maps discovered:
D:        dungeon_sprint_1 [red_sonja_temple_1, red_sonja_temple_small_1]

Skill      XL: |  1  2  3  4  5  6  7  8  9 10 11 12 |
---------------+-------------------------------------+-----
Dodging        | 3 4 6 7 8 9 10 11 12 13 | 13.2
Unarmed Combat | 6 8 10 11 13 14 15 17 20 21 | 21.3
Spellcasting   | 4 5 7 8 10 11 12 13 14 | 14.7
Transmutations | 3 4 6 7 9 10 11 12 13 14 | 14.1
Poison Magic   | 1 2 3 |  3.0
Evocations     | 1 2 3 |  3.1
Fighting       | 3 4 6 7 |  7.6
Ice Magic      | 1 3 5 6 |  6.5
Stealth        | 1 2 |  2.4
Armour         | 5 |  5.3
Shields        | 1 |  1.7

Action                   |  1- 3 |  4- 6 |  7- 9 | 10-12 || total
-------------------------+-------+-------+-------+-------++-------
Melee: Unarmed           |     6 |    15 |    25 |   140 ||   186
       Punch             |     1 |     1 |       |     4 ||     6
       Headbutt          |       |     1 |       |     5 ||     6
       Kick              |       |     1 |       |     4 ||     5
 Cast: Beastly Appendage |     1 |     1 |       |     1 ||     3
       Wereblood         |     1 |     1 |     2 |     4 ||     8
       Spider Form       |     1 |       |       |       ||     1
       Ice Form          |       |     1 |     2 |    13 ||    16
Invok: Potion Petition   |       |       |       |     2 ||     2
       Call Merchant     |       |       |       |     1 ||     1
Evoke: Wand              |     2 |       |       |     1 ||     3
  Use: Potion            |     1 |       |     2 |     3 ||     6
 Stab: Distracted        |       |       |       |     1 ||     1
Armor: Skin              |       |     1 |    24 |    34 ||    59
       Leather armour    |       |       |       |     1 ||     1
Dodge: Dodged            |     2 |     4 |    19 |    80 ||   105
Block: Other             |       |       |       |    11 ||    11

Table legend: (Time is in decaauts)
 A = Elapsed time spent in this place.
 B = Non-inter-level travel time spent in this place.
 C = Inter-level travel time spent in this place.
 D = Time resting spent in this place.
 E = Time spent auto-exploring this place.
 F = Levels seen in this place.
 G = Mean time per level.
                   A        B        C        D        E       F      G
               +--------+--------+--------+--------+--------+-----+--------+
         Total |   3927 |   3927 |      0 |   2566 |      0 |   1 | 3927.0 |
       Dungeon |   3927 |   3927 |      0 |   2566 |      0 |   1 | 3927.0 |
               +--------+--------+--------+--------+--------+-----+--------+

Top non-repeatable levels by time:
       D: 3927 daAuts
